 Dungeon Crawl Stone Soup version 0.21-a0-405-gf2af9a1 (webtiles) character file.

1155 Meenos the Slasher (level 8, -4/70 HPs)
             Began as a Minotaur Berserker on Nov 1, 2017.
             Was a Priest of Trog.
             Killed from afar by an electric eel (19 damage)
             ... with a bolt of electricity
             ... on level 6 of the Dungeon.
             The game lasted 01:44:53 (4281 turns).

Meenos the Slasher (Minotaur Berserker)             Turns: 4281, Time: 01:44:54

Health: -4/70      AC: 13    Str: 23    XL:     8   Next: 16%
Magic:  7/7        EV: 12    Int:  4    God:    Trog [***...]
Gold:   215        SH:  0    Dex: 11    Spells: 7/7 levels left

rFire    + . .     SeeInvis .   a - +0 falchion
rCold    . . .     Gourm    .   (no shield)
rNeg     . . .     Faith    .   T - +1 ring mail {rF+}
rPois    .         Spirit   .   (helmet restricted)
rElec    .         Reflect  .   (no cloak)
rCorr    .         Harm     +   d - +0 pair of gloves
MR       ++...                  (no boots)
Stlth    ++........             j - amulet of harm
HPRegen  1.21/turn              n - +5 ring of protection
MPRegen  0.10/turn              C - ring of stealth

@: regenerating
A: retaliatory headbutt, horns 2
a: Berserk, Trog's Hand, Burn Spellbooks, Renounce Religion


You were on level 6 of the Dungeon.
You worshipped Trog.
Trog was most pleased with you.
You were hungry.

You visited 2 branches of the dungeon, and saw 7 of its levels.

You collected 215 gold pieces.

Inventory:

Hand Weapons
 a - a +0 falchion (weapon)
 p - a +2 dagger of protection
 u - a +0 hunting sling
 w - a +2 scythe of slicing
 A - a +0 halberd
 M - a +2 flail of protection
 P - a +0 war axe
 X - a cursed -3 shortbow
Missiles
 c - a throwing net
 f - 123 arrows
 g - 44 sling bullets
 l - 206 stones (quivered)
 y - 4 tomahawks
 E - 25 bolts
 L - 10 poisoned needles
 R - 7 needles of frenzy
 V - 8 javelins of returning
Armour
 b - a +0 animal skin
 d - a +0 pair of gloves (worn)
 h - a +0 robe
 i - a +0 ring mail
 q - a +0 leather armour
 B - a +0 chain mail
 F - a +0 ring mail
 H - a +0 scale mail
 T - a +1 ring mail of fire resistance (worn)
Jewellery
 j - an amulet of harm (around neck)
 n - a +5 ring of protection (left hand)
 r - an uncursed amulet of the gourmand {unknown}
 C - a ring of stealth (right hand)
 I - an uncursed amulet of the gourmand {unknown}
 O - an uncursed ring of magical power
Wands
 D - a wand of confusion (28/48)
Scrolls
 e - 2 scrolls of magic mapping {unknown}
 k - 3 scrolls of remove curse {unknown}
 o - a scroll of random uselessness {unknown}
 t - 4 scrolls of identify {unknown}
 v - a scroll of immolation {unknown}
 K - 2 scrolls of enchant weapon {unknown}
 S - 3 scrolls of recharging {unknown}
 U - a scroll of enchant armour {unknown}
 W - a scroll of blinking {unknown}
Potions
 m - a potion of invisibility {unknown}
 s - a potion of berserk rage {unknown}
 x - 6 potions of curing {unknown}
 G - a potion of cancellation {unknown}
 N - 2 potions of brilliance {unknown}
Comestibles
 z - a royal jelly
 J - 2 fruits
 Q - a bread ration


   Skills:
 + Level 6.0 Fighting
 * Level 7.7 Long Blades
 + Level 2.9(3.7) Slings
 + Level 3.1(3.6) Throwing
 + Level 4.8 Armour
 + Level 3.3 Dodging
 * Level 1.8 Stealth


You had 7 spell levels left.
You didn't know any spells.

Dungeon Overview and Level Annotations

Branches:
Dungeon (6/15)             Temple (1/1) D:4

Altars:
Cheibriados
Dithmenos
Fedhas
Gozag
Hepliaklqana
Kikubaaqudgha
Makhleb
Nemelex Xobeh
Qazlal
Sif Muna
Trog
Uskayaw
Wu Jian
Xom
Yredelemnul
Zin
The Shining One

Shops:
D:5 }


Innate Abilities, Weirdness & Mutations

You reflexively headbutt those who attack you in melee.
You have a pair of horns on your head.


Message History

The hound is lightly wounded.
The hound bites you but does no damage. The hound bites you.
You hit the hound.
The hound is moderately wounded.
The hound completely misses you.
You hit the hound. You headbutt the hound.
The hound is severely wounded.
The hound bites you but does no damage.
You hit the hound.
You kill the hound!
Trog accepts your kill.
The electric eel shoots out a bolt of lightning at you!
The bolt of electricity hits you!
* * * LOW HITPOINT WARNING * * *
Your skin crawls.
You feel resistant to hostile enchantments.
You are feeling hungry.
The electric eel shoots out a bolt of lightning at you!
The bolt of electricity hits you!
You die... ≈≈≈≈ (PPP

.(≈;. ## ... ...
... ..
...##.####.#...
...............
#.##.# #@##.#
#....# #.##.#
#.##.# +#
#.##.#####.#
#.<........#
####.##.#####.###
................#
#######..........


You could see an electric eel.

Vanquished Creatures
  Sigmund (D:3)
  Edmund (D:4)
  An ogre (D:5)
  A phantom (D:4)
  A centaur (D:6)
  2 scorpions (D:5)
  A crimson imp (D:2)
  2 bullfrog zombies (D:5)
  2 orc priests
  2 hounds
  A jelly (D:6)
  An iguana (D:5)
  An orc wizard (D:3)
  2 worker ants (D:4)
  3 gnolls (D:3)
  5 adders
  A shadow imp (D:4)
  2 adder skeletons (D:5)
  4 worms
  A dart slug (D:2)
  A leopard gecko (D:4)
  9 orcs
  4 giant cockroaches
  2 goblins
  5 hobgoblins
  8 jackals
  10 kobolds
  A quokka (D:5)
  3 ball pythons
  7 bats
  7 frilled lizards
  A leopard gecko skeleton (D:4)
  4 rats
  A plant (D:4)
98 creatures vanquished.

Notes
Turn   | Place    | Note
-------+----------+-------------------------------------------
     0 | D:1      | Meenos the Minotaur Berserker began the quest for the Orb.
     0 | D:1      | Reached XP level 1. HP: 19/19 MP: 0/0
   339 | D:1      | Reached skill level 4 in Long Blades
   339 | D:1      | Reached XP level 2. HP: 27/27 MP: 1/1
   807 | D:2      | Found a burning altar of Makhleb.
   807 | D:2      | Noticed a crimson imp
   810 | D:2      | Killed a crimson imp
   810 | D:2      | Reached XP level 3. HP: 34/34 MP: 2/2
  1045 | D:2      | Reached ** piety under Trog
  1045 | D:2      | Reached XP level 4. HP: 35/41 MP: 3/3
  1082 | D:2      | Found a stormy altar of Qazlal.
  1083 | D:2      | Noticed a fire elemental
  1084 | D:2      | Noticed a water elemental
  1084 | D:2      | Noticed an air elemental
  1084 | D:2      | Noticed an earth elemental
  1214 | D:2      | Found a burning altar of Makhleb.
  1582 | D:3      | Noticed Sigmund
  1596 | D:3      | Killed Sigmund
  1596 | D:3      | Reached skill level 5 in Fighting
  1596 | D:3      | Reached skill level 5 in Long Blades
  1596 | D:3      | Reached skill level 1 in Throwing
  1596 | D:3      | Reached XP level 5. HP: 24/48 MP: 4/4
  1599 | D:3      | Reached skill level 1 in Stealth
  1614 | D:3      | Found a glowing silver altar of Zin.
  1634 | D:3      | Reached XP level 6. HP: 24/56 MP: 5/5
  1712 | D:3      | Reached skill level 6 in Long Blades
  2453 | D:4      | Noticed a dagger
  2453 | D:4      | Found a hide-covered altar of Uskayaw.
  2454 | D:4      | Noticed a hand axe
  2475 | D:4      | Reached *** piety under Trog
  2645 | D:4      | Found a glowing silver altar of Zin.
  2806 | D:4      | Noticed Edmund
  2816 | D:4      | Killed Edmund
  2816 | D:4      | Reached XP level 7. HP: 61/61 MP: 6/6
  2835 | D:4      | Found a staircase to the Ecumenical Temple.
  2887 | Temple   | Entered the Ecumenical Temple
  3074 | D:4      | Upgraded the game from 0.21-a0-404-g291f19a to 0.21-a0-405-gf2af9a1
  3154 | D:4      | Reached skill level 1 in Slings
  3338 | D:4      | Found a stormy altar of Qazlal.
  3338 | D:4      | Found a bloodstained altar of Trog.
  3340 | D:4      | Found a blossoming altar of Fedhas.
  3340 | D:4      | Found a shimmering altar of Xom.
  3340 | D:4      | Found an opulent altar of Gozag.
  3562 | D:5      | Entered Level 5 of the Dungeon
  3580 | D:5      | Found a sand-covered staircase.
  3715 | D:5      | Reached skill level 7 in Long Blades
  4141 | D:5      | Found Jogoziff's Gadget Boutique.
  4159 | D:5      | Reached XP level 8. HP: 56/70 MP: 7/7
  4191 | D:5      | Found a shadowy altar of Dithmenos.
  4281 | D:6      | Killed from afar by an electric eel

Vault maps used:
D:1:      dpeg_arrival_three_smaller_balls
D:2:      makhleb_grotto_becter, nicolae_qazlal_style_of_elements,
          grunt_ministairs_10, bloody_makhleb
D:3:      nicolae_overflow_crystal_walls, uniq_sigmund
D:4:      dancing_weapons_uskayaw, minmay_temple_entry_overgrown,
          doesnt_xom_only_xom, uniq_edmund
D:5:      kennysheep_mini, serial_shops, shop, nicolae_ossuary_entry_ruins,
          first_bread
D:6:      cheibrodos_sewer_entry_bend, chequers_big_river, serial_bayou_lake_a,
          uniq_duvessa
Temple:   minmay_temple_curvy_branch

Skill      XL: |  1  2  3  4  5  6  7 |
---------------+----------------------+-----
Long Blades    | 4 5 6 7 |  7.7
Fighting       | 4 5 6 |  6.0
Throwing       | 1 2 3 |  3.1
Dodging        | 3 |  3.3
Stealth        | 1 |  1.8
Armour         | 3 4 |  4.8
Slings         | 2 |  2.9

Action                   |  1- 3 |  4- 6 |  7- 9 || total
-------------------------+-------+-------+-------++-------
Melee: Falchion          |    47 |    91 |    81 ||   219
       Headbutt          |     3 |    19 |    22 ||    44
 Fire: Hunting sling     |       |     5 |    35 ||    40
Throw: Stone             |       |    63 |    18 ||    81
Invok: Berserk           |     5 |     6 |     2 ||    13
       Trog's Hand       |       |     1 |     1 ||     2
  Eat: Meat ration       |     1 |     1 |       ||     2
       Bread ration      |     1 |       |     1 ||     2
       Fruit             |       |     1 |     1 ||     2
       Royal jelly       |       |       |     1 ||     1
Armor: Animal skin       |     6 |       |       ||     6
       Robe              |    11 |       |       ||    11
       Leather armour    |       |     6 |       ||     6
       Chain mail        |       |    37 |    23 ||    60
       Ring mail         |       |       |     7 ||     7
Dodge: Dodged            |    32 |    58 |    37 ||   127
       Rpst.: Falchion   |     6 |     7 |     9 ||    22

Table legend:
 A = Spawn XP
 B = Non-spawn XP
 C = Spawn XP percentage of total XP
 D = Spawn monster count
 E = Non-spawn monster count
 F = Spawn count percentage of total count
 G = Total turns spent on level
                    A         B        C        D         E        F      G
               +---------+---------+-------+---------+---------+-------+---------
         Total |       0 |    1650 |   0.0 |       0 |      97 |   0.0 |  4281
               +---------+---------+-------+---------+---------+-------+---------
           D:1 |       0 |      20 |   0.0 |       0 |      13 |   0.0 |   797
           D:2 |       0 |      88 |   0.0 |       0 |      21 |   0.0 |   752
           D:3 |       0 |     439 |   0.0 |       0 |      32 |   0.0 |   843
           D:4 |       0 |     443 |   0.0 |       0 |      14 |   0.0 |   986
           D:5 |       0 |     467 |   0.0 |       0 |      14 |   0.0 |   645
           D:6 |       0 |     193 |   0.0 |       0 |       3 |   0.0 |    74
               +---------+---------+-------+---------+---------+-------+---------
